 Dungeon Crawl Stone Soup version 0.31.0-32-g396128a36d (webtiles) character file.

Game seed: 3170722334077576509

338 Curundu the Chopper (level 6, -2/56 HPs)
             Began as a Minotaur Berserker on Apr 14, 2024.
             Was a Believer of Trog.
             Killed by nerve-wracking pain
             ... invoked by a shadow imp
             ... summoned by Eustachio
              (8 damage)
             ... on level 4 of the Dungeon.
             The game lasted 00:06:58 (3029 turns).

Curundu the Chopper (Minotaur Berserker)            Turns: 3029, Time: 00:07:01

Health: -2/56      AC:  3    Str: 23    XL:     6   Next: 29%
Magic:  5/5        EV: 12    Int:  4    God:    Trog [**....]
Gold:   124        SH:  0    Dex: 10    Spells: 5/5 levels left

rFire   . . .        a - +0 hand axe
rCold   . . .        (no shield)
rNeg    . . .        b - +0 animal skin
rPois   .            (helmet restricted)
rElec   .            (no cloak)
rCorr   .            m - +0 pair of gloves
SInv    .            (no boots)
Will    .....        (no amulet)
Stlth   +            (no ring)
HPRegen 0.29/turn    (no ring)
MPRegen 0.09/turn

%: no passive effects
@: on berserk cooldown, slowed, very slow
A: horns 2, retaliatory headbutt
a: Renounce Religion, Berserk, Trog's Hand


You were on level 4 of the Dungeon.
You worshipped Trog.
Trog was pleased with you.
You visited 1 branch of the dungeon, and saw 4 of its levels.

You collected 124 gold pieces.

Inventory:

Hand Weapons
 a - a +0 hand axe (weapon)
 o - a +0 war axe
Missiles
 k - 4 boomerangs (quivered)
Armour
 b - a +0 animal skin (worn)
 m - a +0 pair of gloves (worn)
Scrolls
 c - a scroll of poison {unknown}
 d - 5 scrolls of vulnerability {unknown}
 g - 2 scrolls of teleportation {unknown}
 h - a scroll of amnesia {unknown}
 i - a scroll of identify {unknown}
 j - a scroll of fear {unknown}
 n - a scroll of immolation {unknown}
Potions
 e - a potion of berserk rage {unknown}
 f - a potion of cancellation {unknown}
 l - 2 potions of curing {unknown}


   Skills:
 + Level 5.0 Fighting
 + Level 6.5 Axes
 * Level 3.3 Armour
 + Level 3.1 Dodging
 - Level 1.0 Stealth
 * Level 1.4 Shields


You had 5 spell levels left.
You didn't know any spells.
Your spell library was empty.

Dungeon Overview and Level Annotations

Branches:
Dungeon (4/15)
 Temple: D:4-7

Altars:
Gozag

Annotations:
D:4 Eustachio


Innate Abilities, Weirdness & Mutations

You have a pair of horns on your head.
You reflexively headbutt those who attack you in melee.


Message History

You have reached level 6!
You feel a strong urge to attack something.
You feel your anger nearly subside.
You are no longer berserk.
You are exhausted.
You feel yourself slow down.
You start resting.
Your skin stops crawling.
You feel less strong-willed.
You hit Eustachio.
Eustachio is lightly wounded.
Eustachio gestures wildly while chanting.
You slash Eustachio! Your headbutt misses Eustachio.
Eustachio is moderately wounded.
Eustachio hits you with a +0 falchion. Eustachio hits you with a +0 falchion!
You completely miss Eustachio.
Eustachio is moderately wounded.
Eustachio hits you with a +0 falchion!
* * * LOW HITPOINT WARNING * * *
Eustachio closely misses you.
Eustachio gestures wildly while chanting.
A ball python comes into view.
The shadow imp shouts, "Away with thee, thou craven dismal-dreaming maggot-pie!"
The ball python hisses angrily.
Something shouts, "Escape, thou cockered fool-born clotpole!"
Eustachio misses you.
An adder comes into view.
Eustachio hits you but does no damage. The ball python barely misses you.
The ball python grabs you. The ball python constricts you.
The adder moves out of view.
You hit the ball python.
You kill the ball python!
Trog accepts your kill.
You closely miss Eustachio. Eustachio hits you with a +0 falchion.
* * * LOW HITPOINT WARNING * * *
Eustachio screams, "This atrocity can only be purified with blood!"
Eustachio casts a spell.
Eustachio blinks!
The shadow imp disappears for a moment.
The shadow imp gestures at you. Pain shoots through your body!
You die...

#.....@..
###........
#....h#....
#.##.## ... ###5#
.# . #55.# )# .
#ยง### ....
#########.###..##.
#........@.)......
#..<............##
#.....@.....##.##
#..)...........#
#..........#....
#..........#.###
######.##....#
#.##.#.## .# #


You could see Eustachio and 2 shadow imps.

Vanquished Creatures
  A black bear (D:4)
  2 ogres (D:4)
  A gnoll (D:3)
  An adder (D:2)
  A ribbon worm (D:3)
  A dart slug (D:2)
  An orc (D:3)
  10 ball pythons
  5 bats
  3 endoplasms
  8 hobgoblins
  4 jackals
  6 quokkas
  9 frilled lizards
  2 goblins (D:3)
  2 kobolds
  4 rats
61 creatures vanquished.

Notes
Turn   | Place    | Note
-------+----------+-------------------------------------------
     0 | D:1      | Curundu the Minotaur Berserker began the quest for the Orb.
     0 | D:1      | Reached XP level 1. HP: 19/19 MP: 0/0
   430 | D:1      | Reached skill level 4 in Axes
   430 | D:1      | Reached XP level 2. HP: 27/27 MP: 1/1
  1147 | D:2      | Reached XP level 3. HP: 30/33 MP: 2/2
  1328 | D:2      | Found an opulent altar of Gozag.
  1420 | D:2      | Reached ** piety under Trog
  2505 | D:3      | Reached XP level 4. HP: 21/41 MP: 3/3
  2593 | D:3      | Reached skill level 5 in Axes
  2835 | D:3      | Found a faded altar of an unknown god.
  2917 | D:4      | Noticed an ogre
  2922 | D:4      | Killed an ogre
  2923 | D:4      | Reached skill level 1 in Stealth
  2923 | D:4      | Reached XP level 5. HP: 47/47 MP: 4/4
  2956 | D:4      | Noticed an ogre
  2968 | D:4      | Killed an ogre
  2969 | D:4      | Reached skill level 6 in Axes
  2969 | D:4      | Reached skill level 1 in Shields
  2987 | D:4      | Noticed a black bear
  2991 | D:4      | Noticed Eustachio
  3013 | D:4      | Killed a black bear
  3014 | D:4      | Reached skill level 5 in Fighting
  3014 | D:4      | Reached XP level 6. HP: 36/56 MP: 5/5
  3029 | D:4      | Killed from afar by a shadow imp

Illustrated notes

Levels and vault maps discovered:
D:1:      evilmike_arrival_fibonacci_small, layout_basic, grunt_decor_junction
D:2:      layout_basic, basic_altar, chequers_hall_statues_wall_a
D:3:      minmay_door_path, layout_loops_corners,
          shapermc_ecumenical_altar_hornbeckon, chequers_avenue
D:4:      layout_rooms, hex_intersection, kennysheep_boxes, uniq_eustachio

Skill      XL: |  1  2  3  4  5 |
---------------+----------------+-----
Axes           | 4 5 6 |  6.5
Fighting       | 4 5 |  5.0
Stealth        | 1 |  1.0
Armour         | 3 |  3.3
Dodging        | 3 |  3.1
Shields        | 1 |  1.4

Action                     |  1- 3 |  4- 6 || total
---------------------------+-------+-------++-------
  Melee: Hand axe          |    86 |    40 ||   126
         Headbutt          |    13 |     5 ||    18
 Invoke: Berserk           |       |     2 ||     2
         Trog's Hand       |       |     1 ||     1
   Stab: Sleeping          |     1 |     1 ||     2
 Armour: Animal skin       |    47 |    32 ||    79
  Dodge: Dodged            |    63 |    27 ||    90
